 Dungeon Crawl Stone Soup version 0.27-a0-1186-g8b4daa1eef (webtiles) character file.

Game seed: 14242569451436196139

1668639 FacelessVoid the Minotaur Porcupine (level 27, 163/245 HPs)
             Began as a Minotaur Fighter on May 19, 2021.
             Was the Champion of Qazlal.
             Escaped with the Orb
             ... and 3 runes!
             The game lasted 04:25:43 (79863 turns).

FacelessVoid the Minotaur Porcupine (MiFi)         Turns: 79863, Time: 04:25:43

Health: 163/245    AC: 47    Str: 40    XL:     27
Magic:  31/31      EV: 18    Int:  7    God:    Qazlal [******]
Gold:   8420       SH:  8    Dex: 15    Spells: 26/26 levels left

rFire    + + .     SeeInvis .   b - +9 glaive (vorpal)
rCold    + + +     Faith    .   (shield currently unavailable)
rNeg     . . .     Spirit   .   F - +9 gold dragon scales
rPois    +         Reflect  .   (helmet restricted)
rElec    .         Harm     .   G - +1 cloak {Will+}
rCorr    +         Rampage  .   D - +2 pair of gloves
Will     ++++.                  T - +0 pair of boots "Ryuje" {rPois Int+2}
Stlth    ..........             c - amulet "Tutzal" {rF+ Regen+ rCorr Str+2}
HPRegen  1.50/turn              q - ring "Bogoho" {rC+ Will+ Slay+5}
MPRegen  0.22/turn              R - ring of Yendor {Fly Str+5 Dex+4}

@: flying, hasted and slowed, repel missiles
A: horns 2, retaliatory headbutt, claws 1, iridescent scales 1, cold resistance
1, frail 1, screaming 1, evolution 1
0: Orb of Zot
}: 3/15 runes: decaying, silver, gossamer
a: Renounce Religion, Upheaval, Elemental Force, Disaster Area


You escaped.
You worshipped Qazlal.
Qazlal was exalted by your worship.
You visited 11 branches of the dungeon, and saw 52 of its levels.
You visited 1 bazaar.
You also visited: Sewer and Ice Cave.

You collected 10649 gold pieces.
You spent 2229 gold pieces at shops.

Inventory:

Hand Weapons
 a - the +10 spear of the Gnat {venom, rF+ rC+ Will+}
   (You took it off a vault guard on level 5 of the Vaults)

   It poisons the flesh of those it strikes.
   It protects you from fire.
   It protects you from cold.
   It increases your willpower.
 b - a +9 vorpal glaive (weapon)
 B - a +4 vorpal demon trident
Missiles
 j - 146 poisoned darts (quivered)
 Y - 4 throwing nets
Armour
 h - the +2 pair of boots "Zoocs" {rElec Int+4}
   (You found it on level 2 of the Depths)

   It affects your intelligence (+4).
   It insulates you from electricity.
 D - a +2 pair of gloves (worn)
 F - +9 gold dragon scales (worn)
 G - a +1 cloak of willpower (worn)
 N - a +1 buckler of reflection
 T - the +0 pair of boots "Ryuje" (worn) {rPois Int+2}
   (You bought it in a shop on level 2 of the Orcish Mines)

   It affects your intelligence (+2).
   It protects you from poison.
Jewellery
 c - the amulet "Tutzal" (around neck) {rF+ Regen+ rCorr Str+2}
   (You found it on level 5 of the Vaults)

   [amulet of regeneration]

   It affects your strength (+2).
   It protects you from fire.
   It increases your rate of health regeneration.
   It protects you from acid and corrosion.
 l - a ring of ice
 q - the ring "Bogoho" (left hand) {rC+ Will+ Slay+5}
   (You bought it in a shop in a bazaar)

   [ring of protection from cold]

   It affects your accuracy and damage with ranged weapons and melee attacks
   (+5).
   It protects you from cold.
   It increases your willpower.
 s - a +4 ring of slaying
 A - the ring of Obbugeri {rN+ Int+6}
   (You took it off a hell knight on level 3 of the Crypt)

   [ring of positive energy]

   It affects your intelligence (+6).
   It protects you from negative energy.
 H - the ring "Rius" {rPois rC+ rCorr}
   (You bought it in a shop in a bazaar)

   [ring of resist corrosion]

   It protects you from cold.
   It protects you from poison.
   It protects you from acid and corrosion.
 P - a +6 ring of strength
 R - the ring of Yendor (right hand) {Fly Str+5 Dex+4}
   (You bought it in a shop in a bazaar)

   [ring of flight]

   It affects your strength (+5).
   It affects your dexterity (+4).
   It grants you flight.
 U - the ring "Ilajegh" {Wiz rF- rC+ rN++ SInv}
   (You acquired it on level 4 of the Realm of Zot)

   [ring of wizardry]

   It improves your spell success rate.
   It makes you vulnerable to fire.
   It protects you from cold.
   It greatly protects you from negative energy.
   It lets you see invisible.
 X - a ring of protection from fire
Wands
 m - a wand of flame (188)
 t - a wand of charming (45)
 I - a wand of mindburst (32)
 J - a wand of iceblast (45)
 L - a wand of paralysis (16)
 Q - a wand of digging (28)
 V - a wand of polymorph (55)
 Z - a wand of acid (35)
Scrolls
 f - 8 scrolls of silence
 g - a scroll of brand weapon
 i - 10 scrolls of teleportation
 k - 33 scrolls of identify
 u - 5 scrolls of enchant weapon
 v - 4 scrolls of fog
 w - a scroll of magic mapping
 x - a scroll of blinking
 y - 2 scrolls of summoning
 z - 3 scrolls of fear
Potions
 d - 8 potions of might
 e - 5 potions of brilliance
 o - 6 potions of lignification
 p - 29 potions of curing
 r - 14 potions of heal wounds
 C - 7 potions of cancellation
 E - 6 potions of mutation
 K - 12 potions of ambrosia
 M - 5 potions of invisibility
 O - a potion of resistance
 S - 3 potions of haste
 W - 2 potions of berserk rage


   Skills:
 O Level 27 Fighting
 - Level 1.0(1.1) Short Blades
 - Level 0.7(1.1) Long Blades
 - Level 0.7 Maces & Flails
 O Level 27 Polearms
 - Level 0.9 Slings
 - Level 0.6 Bows
 - Level 0.6 Crossbows
 O Level 27 Armour
 + Level 20.4 Dodging
 - Level 8.4 Shields
 - Level 11.3 Unarmed Combat
 - Level 0.4 Conjurations
 - Level 0.2 Hexes
 - Level 0.5 Summonings
 - Level 0.3 Necromancy
 - Level 0.3 Translocations
 - Level 0.4 Transmutations
 - Level 0.3 Fire Magic
 - Level 0.4 Ice Magic
 - Level 0.3 Air Magic
 - Level 0.4 Earth Magic
 - Level 0.5 Poison Magic
 - Level 12.0 Invocations
 - Level 15.5 Evocations


You had 26 spell levels left.
You didn't know any spells.
Your spell library contained the following spells:

 Spells                   Type           Power      Damage    Failure   Level
 Beastly Appendage        Tmut           0%         N/A       80%         1
 Foxfire                  Conj/Fire      0%         2x1d4     80%         1
 Freeze                   Ice            0%         1d3       80%         1
 Magic Dart               Conj           0%         1d3       80%         1
 Sandblast                Erth           0%         2d4       80%         1
 Shock                    Conj/Air       0%         1d3       80%         1
 Animate Skeleton         Necr           0%         N/A       82%         1
 Apportation              Tloc           0%         N/A       82%         1
 Pain                     Necr           0%         1d4       82%         1
 Corona                   Hex            0%         N/A       83%         1
 Call Imp                 Summ           0%         N/A       90%         2
 Blink                    Tloc           N/A        N/A       91%         2
 Corpse Rot               Necr/Air       N/A        N/A       91%         2
 Ensorcelled Hibernation  Hex/Ice        0%         N/A       91%         2
 Passwall                 Tmut/Erth      0%         N/A       91%         2
 Searing Ray              Conj           0%         3d3       91%         2
 Static Discharge         Conj/Air       0%         N/A       91%         2
 Sublimation of Blood     Necr           0%         N/A       91%         2
 Wereblood                Tmut           0%         N/A       91%         2
 Slow                     Hex            0%         N/A       92%         2
 Conjure Flame            Conj/Fire      0%         6-21      99%         3
 Dazzling Flash           Conj/Hex       0%         N/A       99%         3
 Frozen Ramparts          Ice            0%         1d2       99%         3
 Gell's Gravitas          Tloc           0%         N/A       99%         3
 Inner Flame              Hex/Fire       0%         N/A       99%         3
 Lesser Beckoning         Tloc           0%         N/A       99%         3
 Mephitic Cloud           Conj/Pois/Air  0%         N/A       99%         3
 Portal Projectile        Hex/Tloc       0%         N/A       99%         3
 Spider Form              Tmut/Pois      0%         N/A       99%         3
 Stone Arrow              Conj/Erth      0%         3d7       99%         3
 Teleport Other           Tloc           0%         N/A       99%         3
 Tukima's Dance           Hex            0%         N/A       99%         3
 Vampiric Draining        Necr           0%         2d6       99%         3
 Animate Armour           Summ/Erth      0%         N/A       100%        4
 Animate Dead             Necr           0%         N/A       100%        4
 Cause Fear               Hex            0%         N/A       100%        4
 Dispel Undead            Necr           0%         3d6       100%        4
 Fulminant Prism          Conj/Hex       0%         3d6       100%        4
 Hailstorm                Conj/Ice       0%         3d3       100%        4
 Ice Form                 Ice/Tmut       0%         N/A       100%        4
 Iskenderun's Mystic Bla  Conj/Tloc      0%         2d3       100%        4
 Leda's Liquefaction      Hex/Erth       0%         N/A       100%        4
 Petrify                  Tmut/Erth      0%         N/A       100%        4
 Summon Lightning Spire   Summ/Air       0%         N/A       100%        4
 Agony                    Necr           0%         N/A       100%        5
 Alistair's Intoxication  Tmut/Pois      0%         N/A       100%        5
 Bolt of Magma            Conj/Fire/Erth 0%         4d4       100%        5
 Borgnjor's Vile Clutch   Necr/Erth      0%         N/A       100%        5
 Excruciating Wounds      Necr           0%         N/A       100%        5
 Fireball                 Conj/Fire      0%         3d3       100%        5
 Hydra Form               Tmut           0%         N/A       100%        5
 Iskenderun's Battlesphe  Conj           0%         2d6       100%        5
 Lee's Rapid Deconstruct  Erth           0%         3d5*      100%        5
 Manifold Assault         Tloc           0%         N/A       100%        5
 Silence                  Hex/Air        0%         N/A       100%        5
 Summon Forest            Summ/Tloc      0%         N/A       100%        5
 Summon Mana Viper        Hex/Summ       0%         N/A       100%        5
 Freezing Cloud           Conj/Ice/Air   0%         6-21      100%        6
 Invisibility             Hex            0%         N/A       100%        6
 Iron Shot                Conj/Erth      0%         9d1       100%        6
 Shadow Creatures         Summ           N/A        N/A       100%        6
 Orb of Destruction       Conj           0%         N/A       100%        7
 Spellforged Servitor     Conj/Summ      0%         N/A       100%        7
 Summon Hydra             Summ           0%         N/A       100%        7
 Chain Lightning          Conj/Air       0%         N/A       100%        8
 Lehudib's Crystal Spear  Conj/Erth      0%         10d2      100%        8
 Absolute Zero            Ice            0%         ∞         100%        9
 Fire Storm               Conj/Fire      0%         5d1       100%        9
 Shatter                  Erth           0%         3d5*      100%        9


Dungeon Overview and Level Annotations

Branches:
Dungeon (15/15)            Temple (1/1) D:7            Lair (6/6) D:8
  Swamp (4/4) Lair:3       Spider (4/4) Lair:2        Slime (0/5) Lair:5
    Orc (2/2) D:11            Elf (2/3) Orc:2        Vaults (5/5) D:14
  Crypt (3/3) Vaults:2       Tomb (0/3) Crypt:3      Depths (5/5) D:15
    Zot (5/5) Depths:5      Sewer (visited)           IceCv (visited)

Altars:
Ashenzari
Cheibriados
Dithmenos
Elyvilon
Fedhas
Gozag
Hepliaklqana
Kikubaaqudgha
Makhleb
Nemelex Xobeh
Okawaru
Qazlal
Ru
Sif Muna
Trog
Uskayaw
Vehumet
Wu Jian
Xom
Yredelemnul
Zin
The Shining One
Beogh

Shops:
D:4 (   D:15 (([[   Orc:2 ?=[[   Vaults:1 !   Depths:1 [   Depths:3 *=

Portals:
Hell: Depths:1 Depths:2 Depths:3 Depths:4 Depths:5
Abyss: D:15 Depths:4 Depths:5
Pandemonium: Depths:2 Depths:3
Ziggurat: Depths:1

Annotations:
D:2 1 runed translucent door, Crazy Yiuf
D:10 1 runed translucent door, MikuNakano's ghost, journeyman VSFi
D:15 2 transporters, Ziqoqehile's ghost, adept DsGl
Lair:3 exclusion: 2 oklob plants
Spider:1 Roxanne
Vaults:2 1 transporter
Vaults:3 3 runed translucent doors, Quudwopt's ghost, adept MfGl


Innate Abilities, Weirdness & Mutations

You have a pair of horns on your head.
You reflexively headbutt those who attack you in melee.
You have sharp fingernails.
You are partially covered in iridescent scales. (AC +2)
Your flesh is cold resistant. (rC+)
You are frail. (-10% HP)
You occasionally shout uncontrollably at your foes.
You evolve.


Message History

You fly upwards.
The goblin shouts!
There is a stone staircase leading down here.
You reach to attack!
You barely miss the goblin.
You reach to attack!
You barely miss the goblin. You closely miss the goblin.
The goblin barely misses you.
You chop the goblin into pieces!!!!
You kill the goblin!
Qazlal accepts your kill.
There is an escape hatch in the floor here.
There is a stone staircase leading up here.
You fly upwards.
Level annotation: 1 runed translucent door, Crazy Yiuf
There is a stone staircase leading down here.
(D) Dungeon (T) Temple (L) Lair (S) Swamp (N) Spider Nest (M) Slime Pits (O) Orcish Mines (E) Elven Halls (V) Vaults (C) Crypt (W) Tomb (U) Depths (H) Hell (Z) Zot
Where to? (Enter - D:1, ? - help)
You hear a shout!
There is a stone staircase leading up here.
You fly upwards.
There is a stone staircase leading down here.
A pandemonium lord and a small abomination come into view.
You yell at the small abomination!
You hear a screech!
You feel yourself speed up. Huus hits you but does no damage.
Huus is engulfed in freezing vapours.
Huus hits you but does no damage.
A Tzitzimitl comes into view.
Huus hits you! Huus hits you but does no damage. Huus hits you!!
Huus drains your vigour!
You feel yourself slow down.
There is a staircase leading out of the dungeon here.
You hit Huus but do no damage. Your headbutt misses Huus. Huus hits you!!
You completely miss Huus. You headbutt Huus, but do no damage. Huus hits you!!
Huus barely misses you. You furiously retaliate!
You headbutt Huus, but do no damage. Huus hits you!
You have escaped!

#####.#.######'#.##.......[....##
#...# ##...#####.###.##..# #.###
##.....+# #.# #.##..# #.#
##.......###.###.##... #####.##
##.........##.......... .......#
##.....°.....#####.##... .......#
#............[# #...... .......#
#......&°.....# #.##.#. .......#
#......@§.....####.##.#. .......#
#....○.°☼°....#....##.#. .......#
#....§§°°.....#......... .......#
#'...........##.#####... .......#
###.........###.# #..... .......#
##.......## ### #..... #####.##
##.....## #..... #.#### ###.#'#
#.....
###....#######.#.#############.


You could see Huus.

Vanquished Creatures
  7 dread liches
  3 ancient liches
  Mara (Crypt:2)
  3 orbs of fire
  A juggernaut (Depths:4)
  The ghost of Likado the Warrior, a legendary DjFE of Nemelex Xobeh (Zot:5)
  Frederick (Depths:3)
  6 Killer Klowns
  Xtahua (Crypt:1)
  2 curse toes
  A caustic shrike (Depths:4)
  the Enchantress (Depths:4)
  2 bone dragons
  5 golden dragons
  3 electric golems
  Rupert (Spider:1)
  Jorgrun (Orc:1)
  8 liches
  28 Orb Guardians
  2 quicksilver dragons (Zot:4)
  12 tentacled monstrosities
  A deep elf blademaster (Elf:2)
  3 titans
  An Executioner (D:13)
  6 death cobs
  8 sphinxes
  Kirke (Swamp:1)
  2 ancient champions (Crypt:1)
  Gastronok (Lair:3)
  A thorn hunter (Swamp:4)
  8 tengu reavers
  15 shadow dragons
  10 storm dragons
  Agnes (Spider:1)
  4 revenants
  11 draconian monks
  8 fire giants
  A fenstrider witch (shapeshifter) (Vaults:5)
  6 draconian knights
  2 nagarajas (Depths:4)
  Aizul (Swamp:1)
  Louise (D:15)
  6 deep elf sorcerers
  12 frost giants
  13 vault wardens
  6 draconian scorchers
  An iron dragon (Vaults:5)
  7 orc warlords
  2 curse skulls (Crypt:1)
  5 emperor scorpions
  6 ghost moths
  4 draconian stormcallers
  8 ghouls
  A caustic shrike zombie (Depths:1)
  19 ironbound preservers
  6 draconian shifters
  10 draconian annihilators
  6 spriggan defenders
  8 war gargoyles
  27 very ugly things
  21 stone giants
  12 vampire knights
  A reaper (Crypt:2)
  A juggernaut skeleton (Depths:1)
  12 green draconians
  2 deep elf demonologists (Vaults:2)
  2 bunyips
  8 black draconians
  6 entropy weavers
  2 deep elf annihilators
  4 dire elephants
  10 spark wasps
  9 red draconians
  19 yellow draconians
  A minotaur (Depths:4)
  8 purple draconians
  Snorg (Orc:2)
  15 white draconians
  5 crystal guardians
  5 deep elf death magi
  3 eidola
  A quicksilver dragon zombie (Crypt:1)
  11 ettins
  14 yaktaur captains
  13 fire dragons
  7 jiangshi
  8 ironbound thunderhulks
  A shambling mangrove (Swamp:4)
  5 deep elf high priests
  10 great orbs of eyes
  35 vault guards
  A naga warrior (Depths:4)
  Harold (D:10)
  4 peacekeepers
  16 ironbound frosthearts
  22 hydras
  6 spriggan air magi
  4 rakshasas
  9 boulder beetles
  9 ice dragons
  10 centaur warriors
  2 ghost crabs
  A catoblepas (Lair:5)
  2 ogre magi (Vaults:5)
  An anaconda (Lair:5)
  3 death knights
  6 alligators
  9 two-headed ogres
  18 death yaks
  11 deep troll earth magi
  13 deep troll shamans
  2 titan zombies
  4 orc high priests
  14 tengu warriors
  26 dancing weapons
  6 vampire magi
  Urug (D:10)
  8 spriggan berserkers
  A hell hog (Depths:4)
  8 hell knights
  4 ironbound beastmasters
  2 soul eaters (Crypt:2)
  4 storm dragon zombies
  Sonja (Lair:2)
  2 sun demons (Depths:3)
  8 deep elf knights (Elf:2)
  2 shadow wraiths
  A golden dragon zombie (Depths:1)
  A spark wasp zombie (Depths:2)
  A sixfirhy (D:4)
  6 glowing orange brains
  4 goliath frogs
  29 skeletal warriors
  7 iron trolls
  A ghost moth zombie (Crypt:3)
  2 salamander mystics (Depths:4)
  A storm dragon skeleton (Crypt:1)
  A gelid demonspawn (Depths:3)
  4 spriggan druids
  A golden dragon skeleton (Crypt:1)
  2 bog bodies
  11 deep elf archers
  5 flayed ghosts
  11 swamp dragons
  6 lindwurms
  16 wizards
  An iron giant skeleton (Crypt:2)
  A harpy (Vaults:1)
  15 phantasmal warriors
  54 deep trolls
  24 ironbound convokers
  20 necromancers
  6 orc knights
  Pikel (D:9)
  13 orb spiders
  27 deep elf pyromancers
  2 will-o-the-wisps (Swamp:2)
  16 deep elf zephyrmancers
  An iron dragon zombie (Crypt:1)
  5 orc sorcerers (Orc:2)
  2 fire giant zombies
  53 ugly things
  3 cyclopes
  5 manticores
  A salamander (shapeshifter) (D:13)
  27 moths of wrath
  10 elephants
  A shadow dragon skeleton (Crypt:3)
  24 wolf spiders
  2 manticores (shapeshifter) (Depths:3)
  A frost giant zombie (Depths:1)
  A stone giant skeleton (Crypt:1)
  2 fire giant skeletons
  3 torpor snails
  An elephant (shapeshifter) (Depths:2)
  An iron dragon skeleton (Crypt:1)
  4 frost giant skeletons
  A guardian serpent (Depths:4)
  17 vault sentinels
  4 molten gargoyles (D:13)
  4 black mambas
  2 gargoyles
  An unseen horror (shapeshifter) (Elf:2)
  2 shock serpent skeletons
  A titan simulacrum (Crypt:1)
  2 hellions
  8 cane toads
  Maggie (D:10)
  40 yaktaurs
  13 komodo dragons
  6 rime drakes
  7 tengu conjurers
  A dire elephant skeleton (Crypt:1)
  8 freezing wraiths
  An efreet (D:15)
  A harpy zombie (Crypt:1)
  A tormentor (Zot:5)
  14 demonic crawlers
  3 polar bears
  A red devil (Depths:3)
  3 meliai (D:13)
  24 jumping spiders
  7 trolls
  2 hydra zombies
  2 bloated husks
  12 tyrant leeches
  A sphinx simulacrum (Depths:1)
  Prince Ribbit (Lair:2)
  22 hornets
  44 slime creatures
  An ettin zombie (Crypt:3)
  A dream sheep (Lair:6)
  3 spriggan zombies
  5 blink frogs
  A fire dragon zombie (Crypt:3)
  A raiju (shapeshifter) (Depths:2)
  39 flying skulls
  A black mamba zombie (Crypt:1)
  A shadow (D:10)
  90 redbacks
  25 spriggans
  29 tarantellas
  An air elemental (Elf:2)
  8 wraiths
  7 water elementals
  38 yaks
  6 wyverns
  A hog (Swamp:1)
  Eustachio (D:5)
  4 basilisks
  13 vampire mosquitoes
  5 wargs
  Menkaure (D:7)
  A steam dragon (D:10)
  A monstrous demonspawn zombie (Crypt:1)
  20 swamp worms
  2 acid dragons
  A tengu zombie (Depths:1)
  A floating eye (Depths:5)
  A merfolk skeleton (Crypt:1)
  16 water moccasins
  A cane toad zombie (Crypt:3)
  A water nymph skeleton (Crypt:2)
  4 ice beasts
  7 sky beasts
  A snapping turtle zombie (Crypt:1)
  40 orc warriors
  6 swamp drakes (Swamp:4)
  An ettin simulacrum (Depths:1)
  2 hornet zombies
  8 necrophages
  7 black bears
  5 ogres
  28 wolves
  8 boggarts
  A dream sheep skeleton (Crypt:2)
  6 centaurs
  A phantom (D:5)
  3 lemures (D:9)
  3 kobold brigands
  17 bullfrogs
  An earth elemental (Elf:1)
  3 scorpions
  A scorpion (shapeshifter) (Vaults:5)
  A wyvern skeleton (D:7)
  A water moccasin skeleton (D:5)
  A raiju zombie (Crypt:1)
  A troll skeleton (Crypt:1)
  10 killer bees
  4 electric eels
  4 wights
  7 centaur zombies
  9 howler monkeys
  2 bullfrog zombies
  5 hounds
  5 jellies
  2 gnoll shamans (D:9)
  27 orc priests
  5 hell rats (Lair:4)
  A human skeleton (Crypt:2)
  2 iguanas (D:5)
  32 orc wizards
  A killer bee zombie (D:5)
  A sky beast zombie (Crypt:1)
  A dwarf skeleton (Crypt:2)
  A hound skeleton (D:4)
  11 gnolls
  A howler monkey skeleton (D:6)
  A swamp drake zombie (Crypt:1)
  9 adders
  A shadow imp (D:5)
  3 white imps (Vaults:1)
  An ufetubus (D:4)
  2 dart slugs
  90 orcs
  4 bats
  7 endoplasms
  4 giant cockroaches
  2 hobgoblins (D:3)
  9 jackals
  4 quokkas
  11 ball pythons
  4 frilled lizards
  8 goblins
  A hobgoblin skeleton (Crypt:2)
  31 kobolds
  4 rats
  A rat zombie (Crypt:1)
2328 creatures vanquished.

Vanquished Creatures (others)
  An orb of fire (Zot:5)
  A fire giant (Depths:3)
  A draconian shifter (Zot:5)
  A deep elf elementalist (Elf:1)
  2 red draconians (Zot:5)
  A wizard (Vaults:4)
  A tyrant leech (Swamp:4)
  A slime creature (Vaults:1)
  A spriggan (Depths:4)
  A steam dragon (D:10)
  A swamp drake (Swamp:4)
  2 boggarts
  10 foxfires (Swamp:2)
  43 fungi
  43 plants
110 creatures vanquished.

Grand Total: 2438 creatures vanquished

Notes
Turn   | Place    | Note
-------+----------+-------------------------------------------
     0 | D:1      | FacelessVoid the Minotaur Fighter began the quest for the
                  | Orb.
     0 | D:1      | Reached XP level 1. HP: 19/19 MP: 0/0
   215 | D:1      | Reached XP level 2. HP: 23/27 MP: 1/1
   321 | D:1      | Found a faded altar of an unknown god.
   963 | D:2      | Reached XP level 3. HP: 34/34 MP: 2/2
  1070 | D:2      | Found a runed translucent door.
  1071 | D:2      | Noticed Crazy Yiuf
  1467 | D:3      | Reached XP level 4. HP: 41/41 MP: 3/3
  1609 | D:3      | Reached skill level 5 in Fighting
  1683 | D:3      | Noticed a water moccasin
  1791 | D:3      | Found an ancient bone altar of Kikubaaqudgha.
  1793 | D:3      | Found a hide-covered altar of Uskayaw.
  1797 | D:3      | Found an ornate altar of the Wu Jian Council.
  1987 | D:4      | Found a glowing drain.
  2016 | Sewer    | Entered a sewer
  2512 | D:4      | Found Bastoc's Weapon Shop.
  2590 | D:4      | Reached skill level 5 in Polearms
  2663 | D:4      | Reached XP level 5. HP: 36/48 MP: 4/4
  2857 | D:4      | Noticed a sky beast
  2888 | D:4      | Killed a sky beast
  3149 | D:4      | Reached XP level 6. HP: 56/56 MP: 5/5
  3686 | D:5      | Entered Level 5 of the Dungeon
  3765 | D:5      | Reached XP level 7. HP: 57/62 MP: 6/6
  4270 | D:4      | Reached XP level 8. HP: 55/71 MP: 7/7
  4346 | D:5      | Reached skill level 10 in Polearms
  4474 | D:5      | Found a sparkling altar of Nemelex Xobeh.
  4509 | D:5      | Noticed Eustachio
  4537 | D:5      | Killed Eustachio
  5457 | D:6      | Identified the amulet "Woinwat" {Acrobat Rampage *Corrode
                  | Dex+4 Slay+5}
  5502 | D:6      | Reached XP level 9. HP: 74/81 MP: 8/8
  5679 | D:6      | Found a blossoming altar of Fedhas.
  5859 | D:6      | Found a shadowy altar of Dithmenos.
  7014 | D:7      | Found a glowing silver altar of Zin.
  7060 | D:7      | Noticed Menkaure
  7318 | D:7      | Found a staircase to the Ecumenical Temple.
  7323 | Temple   | Entered the Ecumenical Temple
  7369 | Temple   | Became a worshipper of Qazlal Stormbringer
  7502 | D:8      | Found a staircase to the Lair.
  7681 | D:7      | Killed Menkaure
  8177 | D:8      | Paralysed by a hornet for 3 turns
  8188 | D:8      | Reached skill level 10 in Fighting
  8188 | D:8      | Reached XP level 10. HP: 86/93 MP: 9/9
  8260 | D:8      | Found a glowing golden altar of the Shining One.
  8709 | D:8      | Reached skill level 5 in Armour
  8998 | Lair:1   | Entered Level 1 of the Lair of Beasts
  9032 | Lair:1   | Noticed a cane toad
  9038 | Lair:1   | Killed a cane toad
  9144 | Lair:1   | Identified the +2 robe "Zarega Qiuw" {Harm Stlth+}
  9446 | Lair:1   | Reached * piety under Qazlal
 10117 | Lair:1   | Reached skill level 5 in Shields
 10318 | Lair:2   | Reached XP level 11. HP: 90/99 MP: 10/10
 10373 | Lair:2   | Noticed a death yak
 10418 | Lair:2   | Killed a death yak
 10469 | Lair:2   | Noticed Sonja
 10472 | Lair:2   | Noticed Prince Ribbit
 10738 | Lair:2   | Found a hole to the Spider Nest.
 10807 | Lair:2   | Found a frozen archway.
 10828 | IceCv    | Entered an ice cave
 10828 | IceCv    | Noticed a white ugly thing
 11274 | Lair:3   | Reached skill level 1 in Short Blades
 11287 | Lair:3   | Reached skill level 1 in Dodging
 11649 | Lair:3   | Noticed Gastronok
 11934 | Lair:2   | Killed Sonja
 11935 | Lair:2   | Reached skill level 5 in Dodging
 11935 | Lair:2   | Noticed a death yak
 11935 | Lair:2   | Noticed a death yak
 11935 | Lair:2   | Noticed a death yak
 11968 | Lair:1   | Killed a death yak
 12004 | Lair:2   | Noticed a death yak
 12017 | Lair:1   | Killed a death yak
 12149 | Lair:1   | Killed a death yak
 12159 | Lair:2   | Killed a death yak
 12253 | Lair:2   | Killed Prince Ribbit
 12550 | Lair:2   | Noticed a fire dragon
 12659 | Lair:3   | Reached skill level 1 in Evocations
 12659 | Lair:3   | Reached XP level 12. HP: 76/106 MP: 14/14
 13705 | Lair:4   | Reached ** piety under Qazlal
 13952 | Lair:4   | Reached skill level 5 in Evocations
 14811 | Lair:5   | Noticed a death yak
 14880 | Lair:5   | Killed a death yak
 15120 | Lair:5   | Reached skill level 15 in Polearms
 15213 | Lair:5   | Found a staircase to the Slime Pits.
 15313 | Lair:5   | Noticed a five-headed hydra
 15410 | Lair:5   | Killed a five-headed hydra
 15482 | Lair:5   | Noticed an eight-headed hydra
 15491 | Lair:5   | Killed an eight-headed hydra
 15937 | Lair:5   | Noticed a death yak
 15937 | Lair:5   | Noticed a death yak
 15957 | Lair:5   | Killed a death yak
 15962 | Lair:5   | Noticed a death yak
 15963 | Lair:5   | Killed a death yak
 15963 | Lair:5   | Noticed an anaconda
 15970 | Lair:5   | Noticed a six-headed hydra
 15970 | Lair:5   | Killed an anaconda
 15970 | Lair:5   | Reached *** piety under Qazlal
 15986 | Lair:5   | Noticed a boulder beetle
 15990 | Lair:5   | Noticed a five-headed hydra
 16187 | Lair:5   | Noticed a catoblepas
 16218 | Lair:5   | Killed a catoblepas
 16240 | Lair:5   | Killed a boulder beetle
 16509 | Lair:5   | Killed a six-headed hydra
 16510 | Lair:5   | Reached XP level 13. HP: 102/113 MP: 15/15
 17522 | Lair:6   | Entered Level 6 of the Lair of Beasts
 19024 | Lair:6   | Reached **** piety under Qazlal
 19801 | Lair:6   | Reached XP level 14. HP: 103/121 MP: 16/16
 20135 | Lair:6   | Reached ***** piety under Qazlal
 21397 | D:9      | Noticed Pikel
 21413 | D:9      | Killed Pikel
 21777 | D:10     | Entered Level 10 of the Dungeon
 21904 | D:10     | Found a runed translucent door.
 21972 | D:10     | Noticed Maggie
 21981 | D:10     | Killed Maggie
 22177 | D:10     | Noticed MikuNakano's ghost (journeyman VSFi)
 22204 | D:10     | Noticed Urug
 22215 | D:10     | Killed Urug
 22272 | D:10     | Found a broken altar of Ashenzari.
 22486 | D:10     | Noticed Harold
 22493 | D:10     | Killed Harold
 23187 | D:11     | Found a staircase to the Orcish Mines.
 23330 | Orc:1    | Entered Level 1 of the Orcish Mines
 23341 | Orc:1    | Noticed Jorgrun
 24397 | D:13     | Reached skill level 15 in Fighting
 25169 | D:14     | Reached skill level 10 in Armour
 25574 | D:14     | Noticed an ironbound preserver
 25580 | D:14     | Found a gate to the Vaults.
 25602 | D:15     | Entered Level 15 of the Dungeon
 25619 | D:15     | Found Guutz's Weapon Shop.
 26175 | D:14     | Reached XP level 15. HP: 123/141 MP: 17/17
 26333 | D:14     | Reached ****** piety under Qazlal
 26635 | D:14     | Identified the +8 long sword "Grim Tooth" {vorpal, rC+
                  | Will- Dex+4}
 27907 | D:15     | Found a transporter.
 27919 | D:15     | Found a one-way gate to the infinite horrors of the Abyss.
 27937 | D:15     | Noticed Ziqoqehile's ghost (adept DsGl)
 27957 | D:15     | Noticed a Hell Sentinel
 27966 | D:15     | Found Syliprol's Antique Weapon Emporium.
 28114 | D:15     | Found Tyan's Armour Shoppe.
 28148 | D:15     | Found a staircase to the Depths.
 28217 | D:15     | Noticed Louise
 28245 | D:15     | Killed Louise
 28268 | D:15     | Found Rihie's Armour Shop.
 28311 | D:15     | Found a transporter.
 28575 | Orc:1    | Killed Jorgrun
 28928 | Orc:1    | Reached skill level 15 in Armour
 28932 | Orc:1    | Noticed an orc warlord
 29369 | Orc:1    | Killed an orc warlord
 29802 | Orc:2    | Entered Level 2 of the Orcish Mines
 29869 | Orc:2    | Noticed Snorg
 29880 | Orc:2    | Killed Snorg
 30283 | Orc:2    | Found a gateway to a bazaar.
 30331 | Bazaar   | Entered a bazaar
 30334 | Bazaar   | Found Zekaomux's Antique Weapon Boutique.
 30345 | Bazaar   | Found Hurumah's Jewellery Shoppe.
 30356 | Bazaar   | Found Extoiq's Jewellery Shop.
 30396 | Bazaar   | Found Ihydgh's Distillery.
 30404 | Bazaar   | Bought a potion of degeneration for 14 gold pieces
 30441 | Bazaar   | Bought the ring of Yendor {Fly Str+5 Dex+4} for 477 gold
                  | pieces
 30441 | Bazaar   | Bought the ring "Bogoho" {rC+ Will+ Slay+5} for 644 gold
                  | pieces
 30441 | Bazaar   | Bought the ring "Rius" {rPois rC+ rCorr} for 420 gold
                  | pieces
 30519 | Orc:2    | Found a staircase to the Elven Halls.
 31014 | Orc:2    | Found Uclowkeg's Magic Scroll Shop.
 31014 | Orc:2    | Found Ottah's Armour Boutique.
 31029 | Orc:2    | Found Saetal's Antique Armour Boutique.
 31036 | Orc:2    | Found Ikhozo's Jewellery Shop.
 31046 | Orc:2    | Bought a pair of faintly humming boots for 256 gold pieces
 31046 | Orc:2    | Identified the +0 pair of boots "Ryuje" {rPois Int+2} (You
                  | bought it in a shop on level 2 of the Orcish Mines)
 31057 | Orc:2    | Bought a runed scarf for 216 gold pieces
 31357 | Orc:2    | Bought an embroidered cloak for 202 gold pieces
 32484 | Lair:3   | Found a staircase to the Swamp.
 32536 | Swamp:1  | Entered Level 1 of the Swamp
 32594 | Lair:3   | Killed Gastronok
 32595 | Lair:3   | Reached XP level 16. HP: 80/149 MP: 18/18
 33157 | Swamp:1  | Identified the +7 triple crossbow of Enunkyw {elec, Str+3
                  | Int-4}
 33234 | Swamp:1  | Noticed Aizul
 33242 | Swamp:1  | Killed Aizul
 33483 | Swamp:1  | Noticed Kirke
 33486 | Swamp:1  | Killed Kirke
 34362 | Swamp:2  | Noticed a tentacled monstrosity
 34373 | Swamp:2  | Killed a tentacled monstrosity
 35654 | Swamp:4  | Entered Level 4 of the Swamp
 36250 | Swamp:4  | Noticed a thorn hunter
 37010 | Swamp:4  | Reached XP level 17. HP: 166/166 MP: 19/19
 37531 | Swamp:4  | Got a decaying rune of Zot
 38056 | Vaults:1 | Entered Level 1 of the Vaults
 38509 | Vaults:1 | Found Ucexu's Distillery.
 39209 | Vaults:1 | Noticed a lich
 39213 | Vaults:1 | Killed a lich
 41193 | Vaults:2 | Reached XP level 18. HP: 180/180 MP: 20/20
 41674 | Vaults:2 | You are sucked into a shaft and drop 2 floors!
 42091 | Vaults:4 | Identified the +6 shortbow "Zufu" {flame, rElec Str+4 Int-5
                  | Dex+3}
 43865 | Vaults:3 | Found a runed translucent gate.
 43865 | Vaults:3 | Found a runed translucent gate.
 43865 | Vaults:3 | Found a runed translucent gate.
 43867 | Vaults:3 | Noticed Quudwopt's ghost (adept MfGl)
 43970 | Vaults:3 | Reached XP level 19. HP: 170/187 MP: 21/21
 44852 | Vaults:3 | Identified the +2 ring mail of the Orange Skies {Rampage
                  | rElec}
 45455 | Vaults:2 | Found a transporter.
 45848 | Vaults:2 | Found a staircase to the Crypt.
 47299 | Spider:1 | Entered Level 1 of the Spider Nest
 47413 | Spider:1 | Noticed Roxanne
 47680 | Spider:1 | Noticed Rupert
 47696 | Spider:1 | Killed Rupert
 47940 | Spider:1 | Identified a scroll of acquirement
 48774 | Spider:1 | Reached skill level 27 in Polearms
 49191 | Spider:2 | Noticed Agnes
 49429 | Spider:1 | Reached XP level 20. HP: 145/195 MP: 22/22
 49564 | Spider:1 | Killed Agnes
 50962 | Spider:4 | Entered Level 4 of the Spider Nest
 50983 | Spider:3 | Acquired 774 gold pieces
 51709 | Spider:4 | Identified the +2 scale mail "Nupap" {rCorr}
 52620 | Spider:4 | Got a gossamer rune of Zot
 53089 | Elf:1    | Entered Level 1 of the Elven Halls
 54942 | Elf:1    | Identified the Tome of Creative Conjuration
 55438 | Elf:2    | Found a runed translucent gate.
 55438 | Elf:2    | Found a runed translucent gate.
 55439 | Elf:2    | Found a runed translucent gate.
 55897 | Elf:2    | Reached XP level 21. HP: 214/214 MP: 23/23
 56840 | Depths:1 | Entered Level 1 of the Depths
 56847 | Depths:1 | Found a gateway to a ziggurat.
 57500 | Depths:1 | Found Epirofy's Armour Emporium.
 57736 | Depths:1 | Identified the +8 spear of Gravity {protect, rF+ Int+4}
 57928 | Depths:1 | Found a gateway to Hell.
 58057 | Depths:1 | Found an opulent altar of Gozag.
 58113 | Depths:1 | Found a glowing silver altar of Zin.
 58546 | Depths:1 | Gained mutation: You have a pair of large horns on your
                  | head. [mutagenic glow]
 58563 | Depths:1 | Gained mutation: You occasionally shout uncontrollably at
                  | your foes. [mutagenic glow]
 58811 | Depths:2 | Paralysed by a Zot trap for 3 turns
 59092 | Depths:2 | Found a one-way gate leading to the halls of Pandemonium.
 60288 | Depths:2 | Identified the Disquisition on Icy Confrontation
 60394 | Depths:2 | Reached XP level 22. HP: 82/231 MP: 24/24
 60914 | Depths:2 | Reached skill level 27 in Fighting
 61724 | Depths:2 | Identified the +2 pair of boots "Zoocs" {rElec Int+4}
 61730 | Depths:2 | Identified Ofiget's Arcane Secrets of Magic
 61944 | Depths:3 | Found Xeat Wie's Assorted Antiques.
 61953 | Depths:3 | Found Luaghe's Jewellery Shop.
 62025 | Depths:3 | Noticed Frederick
 62050 | Depths:3 | Killed Frederick
 63891 | Depths:4 | Identified the +11 hunting sling of the Warrior-Mage
                  | {freeze, rN+ Dex+4}
 63969 | Depths:4 | Noticed the Enchantress
 64594 | Depths:4 | Killed the Enchantress
 64713 | Depths:4 | Reached XP level 23. HP: 229/230 MP: 25/25
 64996 | Depths:4 | Identified the +2 leather armour of Mapin {rC+ Regen+}
 65023 | Depths:4 | Reached skill level 10 in Dodging
 65100 | Depths:4 | Noticed a caustic shrike
 65111 | Depths:4 | Killed a caustic shrike
 65493 | Depths:5 | Entered Level 5 of the Depths
 65493 | Depths:5 | Noticed a juggernaut
 65501 | Depths:4 | Killed a juggernaut
 65997 | Depths:5 | Reached skill level 1 in Unarmed Combat
 66328 | Depths:5 | Reached skill level 5 in Unarmed Combat
 66422 | Depths:5 | Found a gate to the Realm of Zot.
 67072 | Crypt:1  | Entered Level 1 of the Crypt
 67259 | Crypt:1  | Reached skill level 10 in Evocations
 67259 | Crypt:1  | Reached XP level 24. HP: 249/249 MP: 25/25
 67460 | Crypt:1  | Reached XP level 25. HP: 254/254 MP: 25/25
 67751 | Crypt:1  | Noticed Xtahua
 67757 | Crypt:1  | Killed Xtahua
 67867 | Crypt:1  | You are sucked into a shaft and drop 1 floor!
 68051 | Crypt:2  | Noticed Mara
 68062 | Crypt:2  | Killed Mara
 69117 | Crypt:3  | Entered Level 3 of the Crypt
 69506 | Crypt:3  | Noticed a dread lich
 69746 | Crypt:3  | Identified the ring of Obbugeri {rN+ Int+6}
 69758 | Crypt:3  | Killed a dread lich
 69759 | Crypt:3  | Reached skill level 15 in Evocations
 69848 | Crypt:3  | Found a staircase to the Tomb.
 70217 | Crypt:3  | Found an ancient bone altar of Kikubaaqudgha.
 70241 | Crypt:3  | Identified the ring of Equilibrium {rN+ Int+4}
 70241 | Crypt:3  | Identified the ring "Anoipudu" {rF- rN+ rCorr Int+8 Stlth+}
 70630 | Vaults:5 | Entered Level 5 of the Vaults
 70647 | Vaults:4 | Reached skill level 5 in Invocations
 71051 | Vaults:5 | Reached XP level 26. HP: 188/261 MP: 28/28
 71119 | Vaults:5 | Noticed a dread lich
 71138 | Vaults:4 | Killed a dread lich
 71184 | Vaults:5 | Reached skill level 10 in Invocations
 71245 | Vaults:5 | Noticed an ancient lich
 71249 | Vaults:5 | Killed an ancient lich
 71619 | Vaults:5 | Noticed a dread lich
 71629 | Vaults:5 | Killed a dread lich
 71873 | Vaults:5 | Identified the +10 spear of the Gnat {venom, rF+ rC+ Will+}
 72008 | Vaults:5 | Noticed a dread lich
 72018 | Vaults:5 | Killed a dread lich
 72147 | Vaults:5 | Identified the Disquisition on Conjuration and the
                  | Volcanoes
 72313 | Vaults:5 | Got a silver rune of Zot
 72425 | Vaults:5 | Identified the amulet "Tutzal" {rF+ Regen+ rCorr Str+2}
 72495 | Vaults:5 | Acquired 922 gold pieces
 73245 | Zot:1    | Entered Level 1 of the Realm of Zot
 73808 | Zot:1    | Reached XP level 27. HP: 258/262 MP: 25/31
 77203 | Zot:4    | Identified the +6 plate armour of Gocuxil {Regen+ Int+4
                  | SInv}
 77226 | Zot:4    | Reached skill level 27 in Armour
 77294 | Zot:4    | Identified the Collected Works on the Supportive Glacier
 77515 | Zot:5    | Entered Level 5 of the Realm of Zot
 77519 | Zot:4    | Acquired the ring "Ilajegh" {Wiz rF- rC+ rN++ SInv}
 77749 | Zot:5    | Reached skill level 10 in Unarmed Combat
 77840 | Zot:5    | Found a runed translucent door.
 77840 | Zot:5    | Noticed Likado's ghost (legendary DjFE)
 77849 | Zot:5    | Killed Likado's ghost
 77855 | Zot:5    | Identified the ring "Vodeup" {rPois rC+ AC+4 Int-4 Dex+5}
 77935 | Zot:5    | Noticed an orb of fire
 78047 | Zot:5    | Noticed an ancient lich
 78049 | Zot:5    | Killed an ancient lich
 78051 | Zot:5    | Noticed a dread lich
 78056 | Zot:5    | Killed a dread lich
 78062 | Zot:5    | Noticed an orb of fire
 78068 | Zot:5    | Noticed an orb of fire
 78070 | Zot:5    | Noticed an orb of fire
 78076 | Zot:5    | Noticed an orb of fire
 78087 | Zot:5    | Gained mutation: Your muscles are strong. (Str +2) [an orb
                  | of fire]
 78107 | Zot:4    | Reached skill level 15 in Dodging
 78323 | Zot:5    | Killed an orb of fire
 78341 | Zot:5    | Killed an orb of fire
 78362 | Zot:5    | Gained mutation: You are frail. (-10% HP) [an orb of fire]
 78366 | Zot:5    | Gained mutation: You tend to lose your temper in combat.
                  | [an orb of fire]
 78369 | Zot:5    | Gained mutation: You sometimes lose the ability to read
                  | scrolls when taking damage. [an orb of fire]
 78377 | Zot:5    | Killed an orb of fire
 78392 | Zot:5    | Lost mutation: Your muscles are strong. (Str +2) [potion of
                  | mutation]
 78392 | Zot:5    | Lost mutation: You tend to lose your temper in combat.
                  | [potion of mutation]
 78392 | Zot:5    | Gained mutation: You evolve. [potion of mutation]
 78392 | Zot:5    | Gained mutation: You rapidly evolve. [potion of mutation]
 78393 | Zot:5    | Noticed an ancient lich
 78398 | Zot:5    | Killed an ancient lich
 78424 | Zot:4    | Killed an orb of fire
 78476 | Zot:4    | Gained mutation: You have sharp fingernails. [evolution]
 78561 | Zot:5    | Noticed a dread lich
 78765 | Zot:4    | Killed a dread lich
 78934 | Zot:5    | Noticed a dread lich
 78953 | Zot:5    | Killed a dread lich
 79172 | Zot:5    | Lost mutation: You have a pair of large horns on your head.
                  | [potion of mutation]
 79172 | Zot:5    | Lost mutation: You rapidly evolve. [potion of mutation]
 79172 | Zot:5    | Lost mutation: You sometimes lose the ability to read
                  | scrolls when taking damage. [potion of mutation]
 79172 | Zot:5    | Gained mutation: Your flesh is cold resistant. (rC+)
                  | [potion of mutation]
 79172 | Zot:5    | Gained mutation: You are partially covered in iridescent
                  | scales. (AC +2) [potion of mutation]
 79173 | Zot:5    | Got the Orb of Zot
 79824 | D:1      | Noticed Huus the pandemonium lord
 79863 | D:$      | Escaped with the Orb!

Illustrated notes

Levels and vault maps discovered:
D:1:      lemuel_arrival_rhombus, layout_basic, basic_ecumenical_altar,
          minmay_box_of_dots
D:2:      layout_rooms, hangedman_glass_teeth, chequers_serial_rivers_micro_c,
          uniq_crazy_yiuf_cottage
D:3:      layout_rooms, chequers_temple_overflow_statue_of_worship
D:4:      layout_gridville, cheibrodos_sewer_entry_drain, serial_shops,
          kennysheep_mini, grunt_ministairs_12, minmay_starry_boxes
D:5:      layout_loops_ring, kennysheep_mini_moat,
          minmay_fractal_squares_diagonal_5, uniq_eustachio
D:6:      layout_loops_cross, nicolae_overflow_crystal_walls, fedhas_altar_2
D:7:      layout_cave_pools, lemuel_tele_altar, temple_doors_ab, uniq_menkaure
D:8:      layout_loops_corners, general_overflow_altar,
          erik_lair_orcish_takeover
D:9:      layout_basic, minmay_misc_feat_chi, uniq_pikel
D:10:     layout_cave_pods, evilmike_ruin_ashenzari, ebering_ghost_inner_flame,
          hangedman_misty_isle, uniq_harold, uniq_urug, uniq_maggie
D:11:     layout_roguey, orc_0_dummy
D:12:     layout_big_octagon
D:13:     cheibrodos_statue_roulette, layout_loops_ring
D:14:     layout_grid_maze, skrybe_vaults_entry_preservation,
          infiniplex_staircase_pool_1
D:15:     grunt_enter_depths_giant_problem, layout_rooms,
          hellmonk_bongcloud_opening, gammafunk_ghost_abyssal_escape,
          serial_shops, shop, nicolae_shop_waterfront,
          nicolae_shop_temple_entry_statues_fountains, shop, uniq_louise
Temple:   cyrus_circular_temple
Lair:1:   layout_gridlike
Lair:2:   dragon1_lemuel, layout_regular_city, spider_nest_entry_web_field,
          portal_ice_cave_rime, nicolae_quartered_pool_medium,
          infiniplex_staircase_pool_2, uniq_prince_ribbit2, uniq_sonja
Lair:3:   layout_chaotic_city, minmay_swamp_entry_worms, gauntlet_entry_generic,
          minmay_lair_oklob_chamber, uniq_gastronok
Lair:4:   layout_cave_pods, serial_bayou_shore_b, lemuel_fruit_fields,
          grunt_megastairs_3, serial_bayou_shore_a
Lair:5:   nzn_winding_woodlands_stair_cross
          [nzn_winding_woodlands_5x15_sawtooth,
          nzn_winding_woodlands_center_lodge, nzn_winding_woodlands_5x15_twine,
          nzn_winding_woodlands_5x5_default,
          nzn_winding_woodlands_5x5_perimeter,
          nzn_winding_woodlands_5x15_parted,
          nzn_winding_woodlands_center_pierced_h,
          nzn_winding_woodlands_5x15_cabin], layout_misc_corridors,
          minmay_slime_entry_pillars, infiniplex_staircase_pool
Lair:6:   minmay_lair_end_enchanted_forest, layout_misc_corridors,
          grunt_megastairs_4, lemuel_fruit_fields
Swamp:1:  layout_basic_swamp, serial_swamp_ruin, evilmike_swamp_ruin_house_5,
          hangedman_swamp_ruin_wall, evilmike_swamp_ruin_house_6, swamp_pool1,
          uniq_kirke, uniq_aizul
Swamp:2:  layout_basic_swamp, evilmike_swamp_ruin_rubble_2, swamp_pool3
Swamp:3:  layout_falls_marsh, nicolae_swamp_round_clearing
Swamp:4:  swamp_alternative, layout_basic_swamp
Spider:1: layout_chambers, uniq_rupert, uniq_roxanne
Spider:2: layout_spider_delve, uniq_agnes
Spider:3: layout_spider_delve, drop_trap
Spider:4: spider_rune_water
Orc:1:    layout_diamond_mine, nicolae_orc_rockfall, uniq_jorgrun
Orc:2:    st_orc_mages, layout_diamond_mine, serial_shops, statue_bzr,
          uniq_snorg
Elf:1:    eino_elf_arrival_customs, layout_geoelf_octagon, minmay_elf_sorcery
Elf:2:    layout_geoelf_grid, lemuel_upstairs_altar
Vaults:1: hangedman_vaults_variations, nicolae_vaults_twisting_passages,
          st_squares, v_misc_17, v_alt_pattern_5, v_rooms_1,
          ontoclasm_vaults_eye, ontoclasm_vaults_decontamination,
          vaults_room_grunt_arrival_ludios, serial_ice_h, layout_vaults_ring,
          serial_shops, shop
Vaults:2: v_misc_30, vaults_dpeg_hooks, emtedronai_trogs_sanctum,
          minmay_crypt_entry_simple_corners, grunt_vaults_focal, v_misc_27,
          hangedman_vaults_stream, nicolae_vaults_little_squares_2, v_misc_19,
          vaults_dpeg_spiral, v_misc_25, nicolae_vaults_mini_display_case,
          ontoclasm_vaults_ring_small, ontoclasm_vaults_chip,
          layout_vaults_big_cross
Vaults:3: biasface_vaults_ghost_orc_armoury, vaults_mumra_hexcomb,
          nicolae_vaults_rhombus_6, st_cells, grunt_vaults_hallway_long,
          v_pattern_5, hangedman_vaults_snaps, hangedman_vaults_corner,
          nicolae_vaults_alarming, v_misc_33, nicolae_vaults_little_ls,
          v_alt_pattern_4, vaults_dpeg_cross, vaults_mumra_lcd, v_misc_23,
          layout_vaults_maze
Vaults:4: v_misc_9, nicolae_vaults_little_squares_4, nicolae_vaults_asterisk,
          vaults_standard_mumra_lines, grunt_vaults_hallway_long,
          hangedman_vaults_nails, v_misc_33, hangedman_vaults_trim, v_misc_29,
          ontoclasm_vaults_ring_square, v_misc_13, vaults_room_stairs_pillars,
          ontoclasm_vaults_hangar, nicolae_vaults_little_squares_2,
          hangedman_vaults_corner_blocks, layout_vaults_big_room
Vaults:5: uniq_margery
Crypt:1:  layout_misc_corridors, st_stairs_6, grunt_megastairs_2,
          grunt_crypt_arrival_split, uniq_xtahua
Crypt:2:  layout_basic, st_stairs_4, grunt_megastairs_5, uniq_bai_suzhen,
          uniq_mara
Crypt:3:  cryptofortress_bobbens
Depths:1: layout_cave_pools, enter_ziggurat_d,
          nicolae_gozag_cash_rules_everything_around_me, serial_shops,
          shop_fountains, grunt_hell_entry_dis_old, drop_trap, zin_scriptorium,
          serial_bayou_shore_b
Depths:2: hangedman_pleasuredromes, hell_entry, pan_entry, serial_shops
Depths:3: minmay_bubble_buster, layout_gridville, ebering_dispersal_statue_hall,
          pf_vacation_house_of_asmodeus, rand_demon_pan_entry_7,
          minmay_shoptagon, infiniplex_staircase_squiggle, serial_bayou_shore_b,
          uniq_frederick
Depths:4: hangedman_six_sided_sadism, layout_twisted_cross,
          nicolae_abyss_entry_one_way_or_another, hell_entry, dk_noncrumbling_3,
          serial_bayou_pond_d, minmay_staircase_bubble, serial_bayou_shore_b,
          serial_bayou_shore_b, uniq_enchantress
Depths:5: grunt_zot_entry_hairpin, layout_cave_shapes, hell_entry, abyss_entry,
          nicolae_benzene_ring
Zot:1:    layout_concentric_octagons, st_stairs_10, grunt_ministairs_2
Zot:2:    layout_basic, hangedman_zot_decor_slant,
          hangedman_zot_diagonal_lockstep
Zot:3:    layout_gridville
Zot:4:    layout_misc_corridors
Zot:5:    layout_misc_corridors, ebering_ghost_reflecting_pool, nrook_zot_tub

Skill      XL: |  1  2  3  4  5  6  7  8  9 10 11 12 13 14 15 16 17 18 19 20 21 22 23 24 25 26 27 |
---------------+----------------------------------------------------------------------------------+-----
Fighting       | 4 5 6 8 10 15 18 20 24 26 27 | 27.0
Polearms       | 3 4 5 6 7 9 12 14 17 20 21 24 27 | 27.0
Armour         | 9 10 15 20 23 27 | 27.0
Shields        | 7 8 |  8.4
Short Blades   | 1 |  1.0
Dodging        | 7 13 20 | 20.4
Invocations    | 4 8 12 | 12.0
Evocations     | 1 5 7 8 10 15 | 15.5
Unarmed Combat | 7 11 | 11.3
Long Blades    | |  0.7
Maces & Flails | |  0.7
Slings         | |  0.9
Bows           | |  0.6
Crossbows      | |  0.6
Conjurations   | |  0.4
Hexes          | |  0.2
Summonings     | |  0.5
Necromancy     | |  0.3
Translocations | |  0.3
Transmutations | |  0.4
Fire Magic     | |  0.3
Ice Magic      | |  0.4
Air Magic      | |  0.3
Earth Magic    | |  0.4
Poison Magic   | |  0.5

Action                   |  1- 3 |  4- 6 |  7- 9 | 10-12 | 13-15 | 16-18 | 19-21 | 22-24 | 25-27 || total
-------------------------+-------+-------+-------+-------+-------+-------+-------+-------+-------++-------
Melee: Trident           |    91 |   192 |   337 |   766 |   164 |       |       |       |       ||  1550
       Headbutt          |     3 |    24 |    63 |   203 |   263 |   222 |   286 |   206 |   406 ||  1676
       Halberd           |       |       |       |       |   455 |       |       |       |       ||   455
       Glaive            |       |       |       |       |   620 |   963 |  1239 |   777 |  1619 ||  5218
       Spear             |       |       |       |       |       |     5 |       |       |       ||     5
Throw: Dart              |       |       |     2 |    11 |    12 |       |     4 |     5 |       ||    34
Invok: Disaster Area     |       |       |       |       |       |       |       |       |     1 ||     1
Evoke: Wand              |       |       |       |    14 |     5 |       |       |       |       ||    19
  Use: Scroll            |       |     2 |       |     6 |    31 |     2 |     3 |    10 |    14 ||    68
       Potion            |       |       |       |     2 |     7 |       |     1 |     9 |     4 ||    23
 Stab: Confused          |       |       |       |       |       |     1 |       |       |       ||     1
       Distracted        |       |       |       |       |       |       |     1 |       |     2 ||     3
       Held in net/web   |       |       |       |       |       |       |     1 |       |       ||     1
Armor: Scale mail        |    41 |    80 |       |       |       |       |       |       |       ||   121
       Plate armour      |       |    21 |   159 |   171 |   429 |   297 |   566 |   239 |   292 ||  2174
       Gold dragon scale |       |       |       |       |       |       |       |       |   375 ||   375
Dodge: Dodged            |    13 |    44 |    46 |   103 |   387 |   332 |   440 |   218 |   600 ||  2183
       Repelled          |       |       |       |       |     5 |    20 |    10 |    13 |    32 ||    80
Block: Kite shield       |    46 |   100 |   114 |   299 |    63 |       |       |       |       ||   622
       Other             |       |       |       |       |   222 |   184 |   298 |   150 |   367 ||  1221
       Buckler           |       |       |       |       |       |     3 |       |       |       ||     3

Table legend: (Time is in decaauts)
 A = Elapsed time spent in this place.
 B = Non-inter-level travel time spent in this place.
 C = Inter-level travel time spent in this place.
 D = Time resting spent in this place.
 E = Time spent auto-exploring this place.
 F = Levels seen in this place.
 G = Mean time per level.
                   A        B        C        D        E       F      G
               +--------+--------+--------+--------+--------+-----+--------+
         Total |  78324 |  73320 |   5004 |  25534 |  34503 |  55 | 1424.1 |
       Dungeon |  19011 |  17002 |   2009 |   5995 |   8616 |  15 | 1267.4 |
        Temple |     59 |     46 |     13 |      0 |     41 |   1 |   59.0 |
          Lair |  12764 |  12041 |    723 |   4633 |   5211 |   6 | 2127.3 |
         Swamp |   4691 |   4520 |    171 |   2119 |   1740 |   4 | 1172.8 |
   Spider Nest |   5468 |   5300 |    168 |   2026 |   2556 |   4 | 1367.0 |
  Orcish Mines |   2196 |   1953 |    243 |    307 |   1161 |   2 | 1098.0 |
   Elven Halls |   3531 |   3354 |    177 |    928 |   1900 |   2 | 1765.5 |
        Vaults |  10921 |  10373 |    548 |   3711 |   4801 |   5 | 2184.2 |
         Crypt |   3339 |   3142 |    197 |    426 |   2015 |   3 | 1113.0 |
        Depths |   9902 |   9453 |    449 |   4134 |   3594 |   5 | 1980.4 |
           Zot |   5827 |   5524 |    303 |   1126 |   2671 |   5 | 1165.4 |
        Bazaar |    149 |    149 |      0 |      0 |     72 |   1 |  149.0 |
         Sewer |    455 |    455 |      0 |    124 |    124 |   1 |  455.0 |
      Ice Cave |      3 |      3 |      0 |      0 |      0 |   1 |    3.0 |
               +--------+--------+--------+--------+--------+-----+--------+

Top non-repeatable levels by time:
  Lair:5: 4032 daAuts
Depths:1: 2900 daAuts
Vaults:3: 2797 daAuts
    D:14: 2722 daAuts
Spider:1: 2466 daAuts
Vaults:1: 2344 daAuts
Depths:2: 2184 daAuts
  Lair:2: 2161 daAuts
Vaults:4: 2124 daAuts
  Lair:1: 2006 daAuts
   Elf:1: 1940 daAuts
Vaults:2: 1922 daAuts
Depths:4: 1848 daAuts
  Lair:3: 1747 daAuts
Vaults:5: 1733 daAuts
